 Dungeon Crawl Stone Soup version 0.32-a0-422-g28b100f618 (webtiles) character file.

Game seed: 15235107953759115067

9 Bravepunisher the Ducker (level 2, -25/16 HPs)
             Began as a Spriggan Monk on Feb 21, 2024.
             Annihilated by an ogre
             ... wielding a +0 giant club
              (29 damage)
             ... on level 5 of the Dungeon.
             The game lasted 00:02:18 (378 turns).

Bravepunisher the Ducker (Spriggan Monk)             Turns: 378, Time: 00:02:20

Health: -25/16     AC:  2    Str:  7    XL:     2   Next: 6%
Magic:  3/3        EV: 19    Int: 11    God:
Gold:   0          SH:  0    Dex: 17    Spells: 1/1 levels left

rFire   . . .        a - +0 short sword
rCold   . . .        (no shield)
rNeg    . . .        b - +0 robe
rPois   .            (helmet restricted)
rElec   .            (no cloak)
rCorr   .            (gloves unavailable)
SInv    +            (boots unavailable)
Will    .....        (no amulet)
Stlth   ++           (no ring)
HPRegen 0.22/turn    (no ring)
MPRegen 0.08/turn

%: no passive effects
@: very quick
A: very small, no large weapons, unfitting armour, see invisible, speed 3
a: no special abilities


You were on level 5 of the Dungeon.
You visited 1 branch of the dungeon, and saw 5 of its levels.

Inventory:

Hand Weapons
 a - a +0 short sword (weapon)
Armour
 b - a +0 robe (worn)
Potions
 c - a potion of ambrosia


   Skills:
 + Level 2.6 Fighting
 - Level 3.2 Short Blades
 * Level 4.5 Dodging


You had one spell level left.
You didn't know any spells.
Your spell library contained the following spells:

 Spells                   Type           Power      Damage    Failure   Level
 Lesser Beckoning         Tloc           0%         N/A       47%         2
 Gell's Gravitas          Tloc           0%         N/A       71%         3
 Teleport Other           Tloc           0%         N/A       71%         3


Dungeon Overview and Level Annotations

Branches:
Dungeon (5/15)
 Temple: D:4-7

Altars:


Innate Abilities, Weirdness & Mutations

You are very small and have problems with some larger weapons.
You are too small for most types of armour.
You have supernaturally acute eyesight. (SInv)
You cover ground extremely quickly. (Speed+++)


Message History

An orc priest comes into view. It is wielding a +2 mace of protection.
The orc moves out of view.
The gnoll attacks as it pursues you! The gnoll completely misses you.
The gnoll bouda barks out a call to the hunt!
The gnolls pick up the pace!
Found an embroidered robe.
The orc priest shouts!
You hear a shout!
An orc comes into view. It is wielding a +0 flail.
The orc priest calls down the wrath of Beogh upon you.
Beogh smites you!
Ouch! That really hurt!
* * * LOW HITPOINT WARNING * * *
The orc priest shouts, "The Pantheon deserves no one's loyalty.
Let us show you the true path!"
The orc priest shouts, "Surrender to Beogh and we'll let you live!" (press Y on the ability menu to convert to Beogh)
The orc priest mumbles some strange prayers to Beogh against you.
You barely resist.
Found a stone staircase leading up.
A kobold comes into view. It is wielding a +0 short sword.
Found a robe.
The kobold shouts!
Found 8 gold pieces.
Found an escape hatch in the ceiling.
A ball python comes into view.
The ball python hisses angrily.
A bombardier beetle comes into view.
The bombardier beetle sprays incendiary fluid at you.
The burning spray hits you.
You are covered in liquid fire!
You shake off some of the fire as you move.
The liquid fire burns you!
You shake off some of the fire as you move.
The liquid fire burns you!
There is a stone staircase leading down here.
The liquid fire burns you!
* * * LOW HITPOINT WARNING * * *
You shake off the liquid fire.
You climb downwards.
The ogre hits you with a +0 giant club!!
Ouch! That really hurt!
You die...

## #####.####
##........##.
#...O........
#...@.......
##..........
#..?........
#..#........
....#........
....###.......
...#. ....:..
...## .......


You could see an ogre.

Vanquished Creatures
  2 endoplasms (D:3)
  A hobgoblin (D:3)
  A quokka (D:4)
  A bat (D:1)
5 creatures vanquished.

Notes
Turn   | Place    | Note
-------+----------+-------------------------------------------
     0 | D:1      | Bravepunisher the Spriggan Monk began the quest for the
                  | Orb.
     0 | D:1      | Reached XP level 1. HP: 11/11 MP: 2/2
   122 | D:5      | Entered Level 5 of the Dungeon
   122 | D:5      | Noticed an ogre
   145 | D:4      | Reached XP level 2. HP: 16/16 MP: 3/3
   355 | D:4      | Noticed a bombardier beetle
   378 | D:5      | Annihilated by an ogre

Illustrated notes

Levels and vault maps discovered:
D:1:      dpeg_arrival_arbitrary_a, layout_basic,
          hellmonk_ecumenical_altar_run_dry
D:2:      layout_basic, serial_undead, serial_undead_a, serial_undead_e,
          serial_undead_b, serial_undead_c, serial_undead_b, serial_undead_d,
          serial_undead_d, serial_undead_c, uniq_sigmund
D:3:      layout_rooms, serial_shops, nicolae_shop_competitors_out_of_business
D:4:      layout_basic, mainiacjoe_overflow_alcove_4,
          minmay_misc_feat_diagonals, uniq_menkaure
D:5:      layout_cave_pools, minmay_temple_entry_enclosed_plants,
          gammafunk_ghost_grave, nicolae_tricolors, uniq_edmund

Action                     || total
---------------------------++-------
  Melee: Short sword       ||    21
   Stab: Sleeping          ||     3
 Armour: Robe              ||     5
  Dodge: Dodged            ||    19

Table legend: (Time is in decaauts)
 A = Elapsed time spent in this place.
 B = Non-inter-level travel time spent in this place.
 C = Inter-level travel time spent in this place.
 D = Time resting spent in this place.
 E = Time spent auto-exploring this place.
 F = Levels seen in this place.
 G = Mean time per level.
                   A        B        C        D        E       F      G
               +--------+--------+--------+--------+--------+-----+--------+
         Total |    246 |    246 |      0 |      0 |     44 |   5 |   49.2 |
       Dungeon |    246 |    246 |      0 |      0 |     44 |   5 |   49.2 |
               +--------+--------+--------+--------+--------+-----+--------+

Top non-repeatable levels by time:
     D:4: 159 daAuts
     D:3: 43 daAuts
     D:1: 36 daAuts
     D:2: 4 daAuts
     D:5: 1 daAuts
